 Dungeon Crawl Stone Soup version 0.31-a0-1-g4198be8af4 (webtiles) character file.

Game seed: 17138925934901939115

94 Jarnaxa the Magician (level 4, -2/36 HPs)
             Began as a Deep Elf Fire Elementalist on May 2, 2023.
             Slain by a hobgoblin
             ... wielding a +0 trident
             ... led by Robin
              (7 damage)
             ... on level 2 of the Dungeon.
             The game lasted 00:05:40 (2140 turns).

Jarnaxa the Magician (Deep Elf Fire Elementalist)   Turns: 2140, Time: 00:05:41

Health: -2/36      AC: 22    Str:  5    XL:     4   Next: 38%
Magic:  2/13       EV:  2    Int: 20    God:
Gold:   162        SH:  0    Dex: 15    Spells: 10/13 levels left

rFire   . . .        c - staff of death
rCold   . . .        (no shield)
rNeg    + . .        a - melded +0 robe
rPois   +            (helmet currently unavailable)
rElec   .            (cloak currently unavailable)
rCorr   .            (gloves currently unavailable)
SInv    .            (boots currently unavailable)
Will    .....        (no amulet)
Stlth   ++           (no ring)
HPRegen 0.26/turn    (no ring)
MPRegen 0.13/turn

%: no passive effects
@: tree-form, unable to drink
A: stationary, stasis, torment immunity, boosted hp, dopey 1, inability to drink
after injury 1
a: no special abilities


You were on level 2 of the Dungeon.
You were a tree.
You visited 1 branch of the dungeon, and saw 2 of its levels.

You collected 162 gold pieces.

Inventory:

Armour
 a - a +0 robe (melded)
Magical Staves
 c - a staff of death (weapon)
Jewellery
 b - a ring of wizardry
Scrolls
 e - a scroll of summoning {unknown}
 f - a scroll of teleportation {unknown}
 j - a scroll of identify {unknown}
 k - a scroll of fear {unknown}
 l - a scroll of enchant armour {unknown}
 m - a scroll of fog {unknown}
 n - a scroll of immolation {unknown}
Potions
 d - 3 potions of lignification
 h - a potion of attraction {unknown}
 i - a potion of degeneration {unknown}


   Skills:
 + Level 2.7 Dodging
 + Level 2.5 Stealth
 + Level 5.0 Spellcasting
 + Level 1.7 Conjurations
 + Level 4.1 Fire Magic


You had 10 spell levels left.
You knew the following spells:

 Your Spells              Type           Power      Damage    Failure   Level
a - Foxfire               Conj/Fire      64%        2x1d7     3%          1
b - Scorch                Fire           42%        2d7       3%          2

Your spell library contained the following spells:

 Spells                   Type           Power      Damage    Failure   Level
 Inner Flame              Hex/Fire       13%        N/A       14%         3
 Volatile Blastmotes      Fire/Tloc      26%        2d12      14%         3
 Sublimation of Blood     Necr           7%         N/A       17%         2
 Wereblood                Tmut           5%         N/A       17%         2
 Hailstorm                Conj/Ice       8%         3d4       24%         3
 Flame Wave               Conj/Fire      16%        2d7       34%         4
 Ice Form                 Ice/Tmut       5%         N/A       75%         4
 Simulacrum               Ice/Necr       3%         N/A       100%        6
 Summon Hydra             Summ           2%         N/A       100%        7


Dungeon Overview and Level Annotations

Branches:
Dungeon (2/15)

Altars:


Innate Abilities, Weirdness & Mutations

You are a tree.
Your roots penetrate the ground, keeping you stationary.
You cannot be teleported.
You are immune to unholy pain and torment.
Your maximum health is greatly increased.
Your equipment is partially melded.
You are dopey. (Int -2)
You occasionally lose the ability to drink potions when taking damage.


Message History

Confirm with . or Enter, or press ? or * to list all spells.
You don't have enough magic to cast this spell.
The hobgoblin throws a stone.
The stone hits you but does no damage.
The hobgoblin throws a stone.
The stone hits you.
The hobgoblin hits you with a +0 trident.
You barely miss the hobgoblin.
The hobgoblin is heavily wounded.
The hobgoblin closely misses you.
You hit the hobgoblin but do no damage.
The hobgoblin is heavily wounded.
The hobgoblin hits you but does no damage.
You closely miss the hobgoblin.
The hobgoblin is heavily wounded.
The hobgoblin hits you with a +0 trident.
The hobgoblin hits you with a +0 trident!
* * * LOW HITPOINT WARNING * * *
Okay, then.
No item to drop.
It was a potion of lignification.
You turn into a tree.
Your +0 robe melds into your body.
Your roots penetrate the ground.
The hobgoblin hits you but does no damage.
You hit the hobgoblin but do no damage.
The hobgoblin is moderately wounded.
The hobgoblin hits you but does no damage.
It was a potion of mutation.
You feel extremely strange.
You feel stupid.
You occasionally lose the ability to drink potions when taking damage.
The hobgoblin hits you but does no damage.
You hit the hobgoblin.
The hobgoblin is almost dead.
The hobgoblin hits you with a +0 trident.
* * * LOW HITPOINT WARNING * * *
You barely miss the hobgoblin.
The hobgoblin is almost dead.
The hobgoblin hits you but does no damage.
You hit the hobgoblin but do no damage.
The hobgoblin is almost dead.
The hobgoblin hits you with a +0 trident!
You feel threatened and lose the ability to drink potions!
You die...

# #.# ###.....##
#'....# #.#
#........#####)##..##.
#.#######.#.....#....#'
##'#..
#.........##...####.##.
#†....
#############...###.#!$
#.##.. #)#..##.##.##.#
.# #w##g#...###..##.#
#g##..w#.........#
#♣####........#### #.#
##########
###########.#
#...........#
######.###########
.......# #####<.# ####


You could see a dart slug and a hobgoblin.

Vanquished Creatures
  Robin (D:2)
  2 adders (D:2)
  2 worms (D:2)
  3 dart slugs
  6 bats
  5 endoplasms
  2 giant cockroaches (D:2)
  11 goblins
  2 hobgoblins
  3 quokkas
  4 ball pythons
  A frilled lizard (D:1)
  5 kobolds
  3 rats (D:2)
50 creatures vanquished.

Vanquished Creatures (others)
  74 foxfires
74 creatures vanquished.

Grand Total: 124 creatures vanquished

Notes
Turn   | Place    | Note
-------+----------+-------------------------------------------
     0 | D:1      | Jarnaxa the Deep Elf Fire Elementalist began the quest for
                  | the Orb.
     0 | D:1      | Reached XP level 1. HP: 10/10 MP: 6/6
   137 | D:1      | Reached XP level 2. HP: 15/15 MP: 0/8
   604 | D:1      | Learned a level 2 spell: Scorch
  1050 | D:2      | Reached XP level 3. HP: 19/19 MP: 1/10
  1207 | D:2      | Noticed Robin
  1218 | D:2      | Reached skill level 4 in Spellcasting
  1226 | D:2      | Killed Robin
  1691 | D:2      | Reached XP level 4. HP: 14/24 MP: 3/12
  1973 | D:2      | Found a faded altar of an unknown god.
  2089 | D:2      | Reached skill level 5 in Spellcasting
  2137 | D:2      | Gained mutation: You are dopey. (Int -2) [potion of
                  | mutation]
  2137 | D:2      | Gained mutation: You occasionally lose the ability to drink
                  | potions when taking damage. [potion of mutation]
  2140 | D:2      | Slain by a hobgoblin

Illustrated notes

Levels and vault maps discovered:
D:1:      evilmike_arrival_plus, layout_basic
D:2:      layout_loops_ring, shapermc_ecumenical_altar_notcrosses, st_stairs_12,
          minmay_joined_circles, uniq_robin

Skill      XL: |  1  2  3  4 |
---------------+-------------+-----
Spellcasting   | 4 5 |  5.0
Fire Magic     | 4 |  4.1
Dodging        | |  2.7
Stealth        | |  2.5
Conjurations   | |  1.7

Action                     |  1- 3 |  4- 6 || total
---------------------------+-------+-------++-------
  Melee: Staff             |     1 |     8 ||     9
   Cast: Foxfire           |    53 |     5 ||    58
         Scorch            |    24 |     8 ||    32
    Use: Potion            |     1 |     2 ||     3
 Armour: Robe              |     3 |     4 ||     7
         Skin              |       |     4 ||     4
  Dodge: Dodged            |     6 |    17 ||    23

Table legend: (Time is in decaauts)
 A = Elapsed time spent in this place.
 B = Non-inter-level travel time spent in this place.
 C = Inter-level travel time spent in this place.
 D = Time resting spent in this place.
 E = Time spent auto-exploring this place.
 F = Levels seen in this place.
 G = Mean time per level.
                   A        B        C        D        E       F      G
               +--------+--------+--------+--------+--------+-----+--------+
         Total |   2140 |   2123 |     17 |      0 |   1779 |   2 | 1070.0 |
       Dungeon |   2140 |   2123 |     17 |      0 |   1779 |   2 | 1070.0 |
               +--------+--------+--------+--------+--------+-----+--------+

Top non-repeatable levels by time:
     D:2: 1160 daAuts
     D:1: 980 daAuts
